[Event "Early-Titled-Tuesday-Blitz-March-12-2024"]
[Site "Chess.com"]
[Date "2024.03.12"]
[Round "4"]
[White "Yonousomodulo"]
[Black "Yeritsyaan"]
[Result "0-1"]
[WhiteElo "2459"]
[BlackElo "2646"]
[TimeControl "180+1"]
[EndTime "8:41:41 PDT"]
[Termination "Yeritsyaan won by resignation"]

1. c4 Nf6 2. g3 c5 3. Bg2 e6 4. Nf3 b6 5. O-O Bb7 6. Nc3 a6 7. d4 cxd4 8. Qxd4 Nc6 9. Qf4 Ne7 10. Rd1 Ng6 11. Qd2 h5 12. b3 h4 13. Bb2 Qc7 14. Rac1 Bc5 15. e3 hxg3 16. hxg3 Ng4 17. Ne2 O-O-O 18.
Bd4 N6e5 19. Nxe5 Nxe5 20. e4 f5 21. Bxc5 bxc5 22. f4 Ng4 23. Qd6 Qxd6 24. Rxd6 Ne3 25.
Nc3 Kc7 26. Rd2 d6 27. Bf3 Rh3 28. Kf2 Ng4+ 29. Bxg4 fxg4 30. Rg1 Rdh8 31. Rdd1 Rh2+ 32. Rg2 R2h3 33. Rgg1 Rf8 34. Kg2 Bc6 35. Rh1 Rfh8 36. Rxh3 gxh3+ 37. Kh2 Kd7 38. Rd3 Ke7 39. Rd2 a5 40. g4 g5 41. f5 Rh4 42. Kg3 Kf6 43. Rh2 exf5 44. exf5 Bg2 45. Nd1 Rh8 46. Ne3 Re8 47.
Nxg2 hxg2 48. Rxg2 Re3+ 49. Kh2 Rd3 50. Rg3 Rd2+ 51. Rg2 Rd4 52. Rg3 a4 53. bxa4 Rxc4 54. Ra3 Rc2+ 55. Kh3 Rc1 56. a5 Rh1+ 57. Kg2 Rh8 58.
a6 Ra8 59. a7 Ke5 60. Kf3 d5 61. Ra6 c4 62. Ke2 d4 63. Kd2 Kd5 64. f6 Kc5 65.
f7 Kb5 66. f8=Q Rxf8 67. a8=Q Rf2+ 68. Ke1 Rf4 69. Qb7+ Kc5 70. Ra5+ Kd6 71. Rd5+ Ke6 72. Qd7+ Kf6 73. Rf5+ Rxf5 74. Qf7+ Kxf7 75. gxf5 Kf6 76. a4 c3 77. Ke2 c2 78. Kd2 g4 79. a5 g3 80. a6 g2 81. a7 c1=Q+ 82. Kxc1 g1=Q+ 83. Kd2 Qa1 84. a8=Q Qxa8 85. Kd3 Kxf5 86. Kxd4 Qd8+ 0-1

[Event "Early-Titled-Tuesday-Blitz-March-12-2024"]
[Site "Chess.com"]
[Date "2024.03.12"]
[Round "4"]
[White "suspiciumchess"]
[Black "santosalberto1987"]
[Result "0-1"]
[WhiteElo "2405"]
[BlackElo "2571"]
[TimeControl "180+1"]
[EndTime "8:41:42 PDT"]
[Termination "santosalberto1987 won by checkmate"]

1. c4 c6 2. Nf3 d5 3. g3 Nf6 4. Bg2 Bg4 5. O-O Bxf3 6. Bxf3 e6 7. d4 Nbd7 8. b3 Bd6 9. Nc3 Qe7 10. e4 dxe4 11.
Nxe4 Nxe4 12. Bxe4 O-O 13. Bb2 Ba3 14. Bc3 Bb4 15. Bb2 Ba3 16. Bc3 Nf6 17. Bf3 a5 18. Re1 Rfd8 19. Qc2 Qc7 20. Qe2 Bb4 21. Qe3 Bxc3 22.
Qxc3 a4 23. bxa4 Rxa4 24. Reb1 Rda8 25. a3 R8a7 26. Rb3 Qd6 27. Kg2 h6 28. c5 Qc7 29.
Rab1 Qd7 30. Qb2 Qxd4 31. Qxd4 Rxd4 32. Rxb7 Rxa3 33. R7b6 Rd2 34. Bxc6 Rc3 35. R6b5 Rdc2 36. Bf3 Rxc5 37. Rb8+ Rc8 38. R1b7 Rxb8 39. Rxb8+ Kh7 40.
Bd1 Rd2 41. Bf3 g5 42. Rb7 Kg7 43. h3 h5 44. Bc6 Rc2 45. Rb6 g4 46. hxg4 Nxg4 47.
Bb7 Rxf2+ 48. Kg1 Rd2 49. Rb5 Nf6 50. Bf3 Rd3 51. Kf2 Kg6 52. Be2 Ra3 53. Rc5 Ra7 54.
Rb5 Rd7 55. Rb4 Rd5 56. Bf3 Rf5 57. Kg2 Kg5 58. Be2 Ng4 59. Bf3 Ne3+ 60. Kf2 Nd5 61. Rc4 Nf6 62. Kg2 Ng4 63. Be2 Rf2+ 64. Kg1 Rxe2 65.
Rf4 f5 66. Rf3 e5 67. Rf1 e4 68. Rf4 Ne3 69. Kh1 Rg2 70. Rxf5+ Kxf5 71. g4+ Kf4 72.
gxh5 Rg5 73. h6 Rh5+ 74. Kg1 Nf5 75. Kf2 Rxh6 76. Kg2 Ra6 77. Kh1 e3 78. Kh2 Ra2+ 79. Kg1 e2 80. Kf2 Nd4 81. Ke1 Nf3+ 82. Kf2 e1=Q# 0-1

[Event "Early-Titled-Tuesday-Blitz-March-12-2024"]
[Site "Chess.com"]
[Date "2024.03.12"]
[Round "4"]
[White "GMKrikor"]
[Black "vasblesk"]
[Result "0-1"]
[WhiteElo "2876"]
[BlackElo "2740"]
[TimeControl "180+1"]
[EndTime "8:41:58 PDT"]
[Termination "vasblesk won by resignation"]

1. Nf3 Nf6 2. c4 e6 3. Nc3 d5 4. d4 c6 5. Qc2 Nbd7 6. cxd5 exd5 7. Bg5 Be7 8. e3 O-O 9. Bd3 Re8 10. h3 h6 11. Bf4 Nf8 12. O-O a5 13. Ne5 Ne6 14. Bg3 Ng5 15. f4 Nge4 16. Nxe4 Nxe4 17. Bxe4 dxe4 18. Qxe4 f6 19. Nf3 Bf8 20. Qd3 Qd5 21.
Bf2 Bf5 22. Qb3 Qxb3 23. axb3 Bc2 24. Nd2 Bb4 25. Nc4 Bxb3 26. Rfc1 Ra6 27. Kf1 b5 28.
Na3 Bd2 29. Ke2 Bxc1 30. Rxc1 b4 31. Nb1 a4 32. Nd2 Bd5 33. Kd3 Bxg2 34. e4 Bxh3 35. Ra1 Be6 36. f5 Bf7 37. Bg3 a3 38. Bd6 a2 39.
Bxb4 g6 40. fxg6 Bxg6 41. Ba3 f5 42. Rxa2 fxe4+ 43. Ke3 Ra5 44. Ra1 Rg5 45. Bd6 h5 46. Be5 Rg4 47. Ra7 Bh7 48. Rc7 Re6 49. b4 Bg6 50.
Rg7+ Kf8 51. Ra7 h4 52. Ra8+ Ke7 53. Rh8 Kd7 54. Nc4 Re8 55. Nb6+ Ke6 56. Rh6 Kf5 57.
Nc4 Kg5 58. Rh8 Rxh8 59. Bxh8 Rg3+ 60. Kf2 Rf3+ 61. Kg2 h3+ 62. Kh2 Kh4 63. Be5 Rf2+ 64. Kg1 Rg2+ 65. Kh1 Bh5 66. Ne3 Rg6 67. Nf5+ Kg5 68.
Ne3 Bf3+ 69. Kh2 Kh4 70. b5 cxb5 71. d5 Ra6 72. Bg3+ Kg5 73. d6 Ra2+ 74. Kxh3 Ra7 75. Bh4+ Kg6 76. Be7 b4 77. Nc4 b3 78. Kg3 Kf5 79.
Ne3+ Ke6 80. Nc4 Rb7 81. Nb2 Kd5 82. Kf4 Kd4 83. Bf6+ Kd5 84. Be7 Rd7 85. Ke3 Kc5 86. Kd2 Kb4 87. Bf8 Ka3 88. Kc3 e3 89. Nc4+ Ka2 90.
Nxe3 b2 91. Nc2 b1=Q 92. Nb4+ Ka3 93. Nc2+ Ka4 94. Ne3 Qb3+ 95. Kd4 Qb4+ 96. Ke5 Qe4+ 97. Kf6 Qxe3 0-1

[Event "Early-Titled-Tuesday-Blitz-March-12-2024"]
[Site "Chess.com"]
[Date "2024.03.12"]
[Round "5"]
[White "NMJeevanK"]
[Black "amelia91"]
[Result "1-0"]
[WhiteElo "2592"]
[BlackElo "2088"]
[TimeControl "180+1"]
[EndTime "8:49:38 PDT"]
[Termination "NMJeevanK won by resignation"]

1. c4 e5 2. Nc3 Nc6 3. Nf3 Bc5 4. e3 d6 5. Be2 Nf6 6. d4 exd4 7. exd4 Bb4 8. O-O O-O 9. Bg5 h6 10. Bxf6 Qxf6 11. Nd5 Qd8 12. a3 Ba5 13. b4 Bb6 14. c5 dxc5 15. dxc5 Be6 16. Nf4 1-0

[Event "Early-Titled-Tuesday-Blitz-March-12-2024"]
[Site "Chess.com"]
[Date "2024.03.12"]
[Round "5"]
[White "toninhojit"]
[Black "Korchmar_Vasiliy"]
[Result "0-1"]
[WhiteElo "2535"]
[BlackElo "2721"]
[TimeControl "180+1"]
[EndTime "8:49:55 PDT"]
[Termination "Korchmar_Vasiliy won by resignation"]

1. e4 c5 2. Nf3 d6 3. d4 cxd4 4. Nxd4 Nf6 5. Nc3 Nc6 6. Nb3 g6 7. Be3 Bg7 8. Be2 O-O 9. Qd2 a5 10. a4 Nb4 11. Rd1 Ng4 12. Bxg4 Bxg4 13. f3 Be6 14. Bd4 Bxb3 15. Bxg7 Nxc2+ 16. Kf2 Kxg7 17. h4 Qb6+ 18. Kg3 Qe3 19. h5 Qxd2 20. Rxd2 Nb4 0-1

[Event "Early-Titled-Tuesday-Blitz-March-12-2024"]
[Site "Chess.com"]
[Date "2024.03.12"]
[Round "5"]
[White "DonkyDonkyDonkey"]
[Black "Sanyura"]
[Result "1-0"]
[WhiteElo "2889"]
[BlackElo "2609"]
[TimeControl "180+1"]
[EndTime "8:50:25 PDT"]
[Termination "DonkyDonkyDonkey won by resignation"]

1. e4 c5 2. Nc3 g6 3. f4 Bg7 4.
Nf3 d6 5. Bc4 e6 6. O-O Ne7 7.
d3 O-O 8. Qe1 Nbc6 9. f5 exf5 10.
Qh4 fxe4 11. Ng5 h5 12. Nxf7 Rxf7 13. Bxf7+ Kh7 14. Nxe4 Nf5 15. Qxd8 Nxd8 16. Bb3 Nc6 17. c3 Ne5 18. Ng5+ Kh8 19. Nf7+ Nxf7 20. Bxf7 Kh7 21. Bg5 Bd7 22. Rae1 Bc6 23. Re6 1-0

[Event "Early-Titled-Tuesday-Blitz-March-12-2024"]
[Site "Chess.com"]
[Date "2024.03.12"]
[Round "5"]
[White "Carlos-Godoy"]
[Black "AccioChess"]
[Result "0-1"]
[WhiteElo "2052"]
[BlackElo "2422"]
[TimeControl "180+1"]
[EndTime "8:50:25 PDT"]
[Termination "AccioChess won by checkmate"]

1. f4 e5 2. fxe5 d6 3. exd6 Bxd6 4. Nf3 g5 5. g3 g4 6. Nh4 Ne7 7. d4 Ng6 8. Nxg6 hxg6 9. Qd3 Nc6 10. c3 Bf5 11. e4 Qe7 12. Bg2 O-O-O 13. Be3 Rde8 14. exf5 Qxe3+ 15. Qxe3 Rxe3+ 16. Kf2 Rhe8 17. fxg6 Re2+ 18. Kf1 Re1+ 19. Kf2 R8e2# 0-1

[Event "Early-Titled-Tuesday-Blitz-March-12-2024"]
[Site "Chess.com"]
[Date "2024.03.12"]
[Round "5"]
[White "amylazy"]
[Black "UnTucopalaTimba"]
[Result "1-0"]
[WhiteElo "2421"]
[BlackElo "1998"]
[TimeControl "180+1"]
[EndTime "8:50:28 PDT"]
[Termination "amylazy won by resignation"]

1. d4 Nf6 2. Nf3 e6 3. e3 d5 4. Bd3 c5 5. O-O Nc6 6. b3 Bd6 7. Bb2 O-O 8. Nbd2 Re8 9. Ne5 Qc7 10. f4 cxd4 11. exd4 Nd7 12. Bxh7+ Kxh7 13. Qh5+ Kg8 14.
Qxf7+ Kh8 15. Qxe8+ Kh7 16. Qg6+ Kg8 17. Qf7+ Kh7 18.
Rf3 1-0

[Event "Early-Titled-Tuesday-Blitz-March-12-2024"]
[Site "Chess.com"]
[Date "2024.03.12"]
[Round "5"]
[White "LiadCuba"]
[Black "IwkooO"]
[Result "1-0"]
[WhiteElo "2522"]
[BlackElo "2672"]
[TimeControl "180+1"]
[EndTime "8:50:47 PDT"]
[Termination "LiadCuba won by resignation"]

1. d4 Nf6 2. c4 e6 3. Nc3 a5 4.
e4 Bb4 5. f3 d6 6. Bd3 Nc6 7. Ne2 e5 8. Be3 Bd7 9. a3 Bxc3+ 10.
bxc3 b6 11. O-O O-O 12. Ng3 Re8 13. c5 bxc5 14. dxc5 Be6 15. Bb5 Qd7 16. Qa4 Nb8 17. Bxd7 Bxd7 18. Qb3 Nc6 19. Rab1 1-0

[Event "Early-Titled-Tuesday-Blitz-March-12-2024"]
[Site "Chess.com"]
[Date "2024.03.12"]
[Round "5"]
[White "temus_galaktionov"]
[Black "Aygehovit1992"]
[Result "0-1"]
[WhiteElo "2874"]
[BlackElo "2731"]
[TimeControl "180+1"]
[EndTime "8:51:13 PDT"]
[Termination "Aygehovit1992 won by resignation"]

1. d4 Nf6 2. Nf3 e6 3. c4 Bb4+ 4. Nbd2 b6 5. a3 Bxd2+ 6. Qxd2 Bb7 7. e3 O-O 8. Be2 d6 9. O-O Nbd7 10. b4 Ne4 11. Qc2 f5 12. Ne1 Qe8 13. f3 Nef6 14. Nd3 e5 15. dxe5 dxe5 16. f4 Qg6 17. Ne1 exf4 18.
exf4 Rae8 19. Bf3 Be4 20. Qc3 Bxf3 21. Nxf3 Re2 22. Nh4 Qg4 23. Qf3 Rfe8 24. h3 Qxh4 0-1

[Event "Early-Titled-Tuesday-Blitz-March-12-2024"]
[Site "Chess.com"]
[Date "2024.03.12"]
[Round "5"]
[White "Kotlyar_K"]
[Black "Akhayan"]
[Result "0-1"]
[WhiteElo "2590"]
[BlackElo "2326"]
[TimeControl "180+1"]
[EndTime "8:51:58 PDT"]
[Termination "Akhayan won by resignation"]

1. f4 e5 2. fxe5 d6 3. Nf3 dxe5 4. e4 Nf6 5. Bc4 Bc5 6. Qe2 O-O 7. d3 Nc6 8. Bg5 Bg4 9. c3 Be7 10. O-O h6 11. Bh4 Na5 12. Bb5 c6 13. Ba4 b5 14.
Bc2 Nb7 15. h3 Bxf3 16. Qxf3 Nc5 17. Nd2 Qd7 18. Rad1 Rad8 19. Bxf6 Bxf6 20. Qe3 Be7 21. Nf3 Ne6 22. Nxe5 Qc7 23. d4 c5 24. Nf3 cxd4 25. cxd4 Qxc2 26. d5 Bc5 27. Nd4 Nxd4 28. Rxd4 Qxb2 0-1

[Event "Early-Titled-Tuesday-Blitz-March-12-2024"]
[Site "Chess.com"]
[Date "2024.03.12"]
[Round "5"]
[White "RandomNoob04"]
[Black "emeli_chess"]
[Result "1-0"]
[WhiteElo "2616"]
[BlackElo "2397"]
[TimeControl "180+1"]
[EndTime "8:52:00 PDT"]
[Termination "RandomNoob04 won by resignation"]

1. e4 e5 2. d4 exd4 3. Qxd4 Nc6 4. Qe3 d6 5. Nc3 Nf6 6. Bd2 Be7 7. O-O-O O-O 8. f3 a6 9. g4 b5 10. g5 Nd7 11. h4 Nb6 12. h5 Nc4 13. Bxc4 bxc4 14. g6 Rb8 15. Nd5 Be6 16. h6 fxg6 17. hxg7 Rf7 18.
Rxh7 Bg5 19. Rh8+ Kxg7 20. Qc3+ Bf6 21. Rxd8 Bxc3 22. Bxc3+ 1-0

[Event "Early-Titled-Tuesday-Blitz-March-12-2024"]
[Site "Chess.com"]
[Date "2024.03.12"]
[Round "5"]
[White "VojtechPlat"]
[Black "Cheer_Down"]
[Result "1-0"]
[WhiteElo "2869"]
[BlackElo "2418"]
[TimeControl "180+1"]
[EndTime "8:52:11 PDT"]
[Termination "VojtechPlat won by resignation"]

1. e4 e5 2. Nf3 Nc6 3. Bb5 a6 4.
Ba4 Nf6 5. d4 exd4 6. O-O Be7 7.
Re1 b5 8. e5 Nxe5 9. Nxe5 bxa4 10. Qxd4 O-O 11. Qxa4 Rb8 12. c4 Re8 13. Nc3 Bd6 14.
Bf4 Rxb2 15. Nd3 Rb8 16. Bxd6 cxd6 17. Rxe8+ Qxe8 18. Re1 Qd8 19. Qa3 Rb6 20. Qa5 Qc7 21. Nd5 Qxc4 22. Qxb6 Qxd5 23. Qd8+ 1-0

[Event "Early-Titled-Tuesday-Blitz-March-12-2024"]
[Site "Chess.com"]
[Date "2024.03.12"]
[Round "5"]
[White "Yan_Dyomin2010"]
[Black "Real_taiatai"]
[Result "1-0"]
[WhiteElo "2725"]
[BlackElo "2538"]
[TimeControl "180+1"]
[EndTime "8:52:19 PDT"]
[Termination "Yan_Dyomin2010 won by resignation"]

1. e4 e6 2. d4 d5 3. e5 c5 4. c3 Nc6 5. Nf3 Bd7 6. Be2 Qb6 7. O-O Nge7 8. dxc5 Qxc5 9. Na3 Nf5 10. Bd3 Qa5 11.
Bxf5 exf5 12. Nc2 Be6 13. Re1 Be7 14. Bg5 Bc5 15. b4 Nxb4 16. cxb4 Bxb4 17. Nxb4 Qxb4 18. Rb1 Qa5 19. Bd2 Qxa2 20. Bb4 Rc8 21. Bd6 Qa6 22.
Ra1 Qb6 23. Qa4+ Rc6 24. Nd4 Kd7 25. Nxc6 1-0

[Event "Early-Titled-Tuesday-Blitz-March-12-2024"]
[Site "Chess.com"]
[Date "2024.03.12"]
[Round "5"]
[White "Aisen1011"]
[Black "Roosters19"]
[Result "1-0"]
[WhiteElo "2480"]
[BlackElo "2305"]
[TimeControl "180+1"]
[EndTime "8:52:30 PDT"]
[Termination "Aisen1011 won by resignation"]

1. d4 Nf6 2. c4 c5 3. d5 b5 4. Nf3 a6 5. g3 d6 6. Bg2 g6 7. O-O Bg7 8. a4 O-O 9. axb5 Bb7 10. bxa6 Nxa6 11. Nc3 Nb4 12. Rxa8 Qxa8 13. Bf4 Nd7 14. e4 Nb6 15. Qe2 Ba6 16. Nd2 Qb7 17. e5 Nc2 18. exd6 Nd4 19. Qd3 exd6 20. Bxd6 Rd8 21. Bxc5 Na4 22.
Bxd4 Nxc3 23. Bxg7 Nxd5 24. Bxd5 Qxd5 25. Qxd5 Rxd5 26.
cxd5 Kxg7 27. Rd1 1-0

[Event "Early-Titled-Tuesday-Blitz-March-12-2024"]
[Site "Chess.com"]
[Date "2024.03.12"]
[Round "5"]
[White "tarno17"]
[Black "Practical-Play"]
[Result "1-0"]
[WhiteElo "2215"]
[BlackElo "2423"]
[TimeControl "180+1"]
[EndTime "8:52:34 PDT"]
[Termination "tarno17 won by resignation"]

1. e4 f6 2. d4 Kf7 3. f4 e6 4. Nf3 d5 5. e5 c5 6. c3 Nc6 7.
Bd3 Qb6 8. O-O cxd4 9. Kh1 h6 10.
Nh4 Nge7 11. Qh5+ Kg8 12. exf6 gxf6 13. Rf3 Bg7 14. Qe8+ 1-0

[Event "Early-Titled-Tuesday-Blitz-March-12-2024"]
[Site "Chess.com"]
[Date "2024.03.12"]
[Round "5"]
[White "ulises2013"]
[Black "effefe"]
[Result "1-0"]
[WhiteElo "2708"]
[BlackElo "2399"]
[TimeControl "180+1"]
[EndTime "8:52:38 PDT"]
[Termination "ulises2013 won on time"]

1. e4 c5 2. g3 d6 3. Bg2 Nf6 4. Ne2 g6 5. O-O Bg7 6. c3 Nc6 7. d4 cxd4 8. cxd4 O-O 9. h3 Bd7 10. Nbc3 Rc8 11. Be3 Na5 12. b3 b5 13. e5 Ne8 14. f4 b4 15. Ne4 Bb5 16. Re1 Nc7 17. Qd2 Nd5 18. Bf2 Bxe2 19. Rxe2 Nc3 20. Nxc3 bxc3 21.
Qe1 dxe5 22. dxe5 Qc7 23. Rc1 Rfd8 24. Rec2 Rd3 25. Be4 1-0

[Event "Early-Titled-Tuesday-Blitz-March-12-2024"]
[Site "Chess.com"]
[Date "2024.03.12"]
[Round "5"]
[White "FoxOnTheRun97"]
[Black "margarita_2703"]
[Result "1-0"]
[WhiteElo "2614"]
[BlackElo "2397"]
[TimeControl "180+1"]
[EndTime "8:52:38 PDT"]
[Termination "FoxOnTheRun97 won by resignation"]

1. d4 d5 2. Bf4 Nf6 3. e3 g6 4. c4 c6 5. Nc3 Bg7 6. Nf3 O-O 7. h3 h5 8. Be2 Bf5 9. O-O Nbd7 10. cxd5 cxd5 11. Qb3 Nb6 12. Rac1 Rc8 13. Ne5 Be6 14.
Na4 Nxa4 15. Qxa4 a6 16. b4 Nd7 17. Nxd7 Bxd7 18. Qb3 e6 19. b5 axb5 20. Bxb5 Bxb5 21. Qxb5 Ra8 22. Rc2 Qe7 23. Rfc1 Rfd8 24. Rc7 Qf8 25. Qxb7 Rxa2 26. Rc8 Ra8 27. Qxa8 1-0

[Event "Early-Titled-Tuesday-Blitz-March-12-2024"]
[Site "Chess.com"]
[Date "2024.03.12"]
[Round "5"]
[White "CSB7"]
[Black "ViIIagra"]
[Result "1-0"]
[WhiteElo "2795"]
[BlackElo "2911"]
[TimeControl "180+1"]
[EndTime "8:52:45 PDT"]
[Termination "CSB7 won by resignation"]

1. e4 d6 2. d4 Nf6 3. Nc3 c6 4. f4 Qa5 5. Bd3 Bg4 6. Nf3 d5 7.
e5 Ne4 8. O-O Nxc3 9. bxc3 Qxc3 10. Rb1 b5 11. h3 Bxf3 12. Qxf3 e6 13. f5 Be7 14. fxe6 fxe6 15. Bg6+ 1-0

[Event "Early-Titled-Tuesday-Blitz-March-12-2024"]
[Site "Chess.com"]
[Date "2024.03.12"]
[Round "5"]
[White "TregubovP"]
[Black "Langusto"]
[Result "0-1"]
[WhiteElo "2683"]
[BlackElo "2527"]
[TimeControl "180+1"]
[EndTime "8:52:47 PDT"]
[Termination "Langusto won by resignation"]

1. e4 e5 2. Nf3 Nc6 3. Bc4 Nf6 4. d3 Be7 5. O-O O-O 6. a4 d6 7. a5 Rb8 8. Nc3 b6 9. a6 Na5 10. Ba2 c5 11. Nd5 Bxa6 12. c3 Bb7 13. b4 Nc6 14. Bd2 a5 15. bxa5 Nxa5 16. Rb1 Nxd5 17. Bxd5 Bxd5 18.
exd5 c4 19. Be3 b5 20. Nd2 cxd3 21. Rb4 f5 22. f3 Qc7 23. Qa1 Nc4 24. Re1 Nxe3 25.
Rxe3 Qc5 0-1

[Event "Early-Titled-Tuesday-Blitz-March-12-2024"]
[Site "Chess.com"]
[Date "2024.03.12"]
[Round "5"]
[White "Goryachkina"]
[Black "Road2GM3000"]
[Result "1-0"]
[WhiteElo "2677"]
[BlackElo "2480"]
[TimeControl "180+1"]
[EndTime "8:52:47 PDT"]
[Termination "Goryachkina won by resignation"]

1. e4 c5 2. Nf3 d6 3. d4 cxd4 4. Qxd4 Nc6 5. Qd3 Nf6 6. Nc3 e6 7. Bf4 e5 8. Bg5 Be6 9. O-O-O Be7 10. Bxf6 gxf6 11. Nd5 Qa5 12. Kb1 Rc8 13. Qb3 Bxd5 14. exd5 Nb4 15. a3 Na6 16. Qxb7 Qc7 17. Bxa6 Qxc2+ 18. Ka1 O-O 19. Rc1 Qxc1+ 20. Rxc1 Rxc1+ 21.
Ka2 f5 22. Qxe7 1-0

[Event "Early-Titled-Tuesday-Blitz-March-12-2024"]
[Site "Chess.com"]
[Date "2024.03.12"]
[Round "5"]
[White "Susal_De_Silva"]
[Black "VD_coach"]
[Result "1-0"]
[WhiteElo "2707"]
[BlackElo "2512"]
[TimeControl "180+1"]
[EndTime "8:52:48 PDT"]
[Termination "Susal_De_Silva won by resignation"]

1. Nf3 Nf6 2. e3 g6 3. b3 Bg7 4. Bb2 O-O 5. Be2 d6 6. d4 e5 7. dxe5 Ng4 8. Nc3 Nxe5 9. Qd2 Nbc6 10. O-O-O Nxf3 11. Bxf3 a5 12. h4 a4 13. Nxa4 Bxb2+ 14. Kxb2 Rxa4 15. bxa4 Ne5 16. Bd5 Qf6 17. Qc3 Be6 18.
f4 Bxd5 19. fxe5 Qe6 20. exd6 cxd6 21. Qd4 Bc6 22. h5 Ra8 23. h6 f6 24. Qxd6 Qf7 25.
Rh4 g5 26. Rhd4 1-0

[Event "Early-Titled-Tuesday-Blitz-March-12-2024"]
[Site "Chess.com"]
[Date "2024.03.12"]
[Round "5"]
[White "Cryptinz"]
[Black "HanSchut"]
[Result "1-0"]
[WhiteElo "2505"]
[BlackElo "2312"]
[TimeControl "180+1"]
[EndTime "8:53:04 PDT"]
[Termination "Cryptinz won by resignation"]

1. e4 c5 2. Nf3 d6 3. d4 cxd4 4. Nxd4 Nf6 5. Nc3 a6 6. Bg5 e6 7. Qf3 Be7 8. O-O-O Qc7 9. h4 Nbd7 10. Kb1 Ne5 11. Qg3 Bd7 12. f4 Nc4 13. Bxc4 Qxc4 14. e5 dxe5 15. fxe5 Ng8 16. Ne4 Kf8 17. Rhf1 h6 18.
Bxe7+ Nxe7 19. Rxf7+ Kxf7 20. Nd6+ 1-0

[Event "Early-Titled-Tuesday-Blitz-March-12-2024"]
[Site "Chess.com"]
[Date "2024.03.12"]
[Round "5"]
[White "GAO"]
[Black "el008"]
[Result "0-1"]
[WhiteElo "2317"]
[BlackElo "2515"]
[TimeControl "180+1"]
[EndTime "8:53:08 PDT"]
[Termination "el008 won by resignation"]

1. Nf3 Nf6 2. b3 b6 3. Bb2 e6 4.
g3 Bb7 5. Bg2 g6 6. O-O Bg7 7. d4 O-O 8. Nbd2 c5 9. c4 cxd4 10. Nxd4 Bxg2 11. Kxg2 Qc8 12. e4 Qb7 13. Qe2 d6 14. f4 a6 15. g4 Nbd7 16. g5 Nh5 17.
Qe3 e5 18. fxe5 dxe5 19. Ne2 Nf4+ 20. Kg1 Nc5 21. Nf3 Nfd3 22. Bc3 Qxe4 23. Qxe4 Nxe4 24. Rad1 Nxc3 25. Nxc3 Nf4 26. Nd5 Nxd5 27. Rxd5 e4 28. Nd2 e3 29. Nf3 Rfe8 30. Re1 Re4 31. Kg2 Rae8 32.
Rd6 e2 33. Rxb6 Bc3 34. Rxa6 Rf4 35. Rf6 Rxf3 36. Rxf3 Bxe1 37. Kg1 Bb4 38. Re3 Rxe3 0-1

[Event "Early-Titled-Tuesday-Blitz-March-12-2024"]
[Site "Chess.com"]
[Date "2024.03.12"]
[Round "5"]
[White "waltereador"]
[Black "Renatoforf"]
[Result "1/2-1/2"]
[WhiteElo "2321"]
[BlackElo "1570"]
[TimeControl "180+1"]
[EndTime "8:53:12 PDT"]
[Termination "Game drawn by repetition"]

1. e4 c5 2. b4 cxb4 3. a3 bxa3 4.
Bxa3 Nc6 5. Nf3 d6 6. Nc3 Nf6 7. Bc4 Bg4 8. h3 Bxf3 9. Qxf3 e6 10. O-O Be7 11. Bb5 O-O 12. Bxc6 bxc6 13. d4 Rb8 14. e5 dxe5 15. Bxe7 Qxe7 16. dxe5 Nd5 17. Ne4 Rb2 18. c4 f5 19. cxd5 fxe4 20. d6 exf3 21. dxe7 Re8 22. Rxa7 fxg2 23. Kxg2 Kf7 24. Rc1 Rb6 25.
Rc7 Rxe7 26. R1xc6 Rxc6 27. Rxc6 Kg6 28. Kg3 Kf5 29.
Rc5 g5 30. f3 h5 31. h4 gxh4+ 32. Kxh4 Kf4 33. Kxh5 Kf5 34. Kh4 Kf4 35. Kh5 Kf5 36.
Kh6 Ra7 37. Rb5 Rd7 38. Rc5 Rd3 39. Kg7 Rxf3 40. Kf7 Ra3 41. Ke7 Ra7+ 42. Kd6 Ra6+ 43. Kd7 Ra7+ 44. Kd6 Ra6+ 45. Kd7 Ra7+ 46. Kd6 1/2-1/2

[Event "Early-Titled-Tuesday-Blitz-March-12-2024"]
[Site "Chess.com"]
[Date "2024.03.12"]
[Round "5"]
[White "Javylavilla"]
[Black "Pedrada88"]
[Result "0-1"]
[WhiteElo "2362"]
[BlackElo "2541"]
[TimeControl "180+1"]
[EndTime "8:53:14 PDT"]
[Termination "Pedrada88 won by resignation"]

1. e4 c6 2. c4 g6 3. Nc3 Bg7 4. d4 d6 5. Nf3 Bg4 6. Be2 Qb6 7. d5 Bxf3 8. Bxf3 Qb4 9. O-O Qxc4 10. dxc6 Nxc6 11. Be3 Nf6 12. Rc1 O-O 13. b3 Qa6 14.
Na4 Ne5 15. Be2 Qa5 16. f4 Nc6 17. Bf3 Rac8 18. Qe2 Nd7 19. Rfd1 Nb6 20. Nxb6 axb6 21. Rd5 Qa3 22. Bxb6 Qxc1+ 23. Rd1 Qxf4 0-1

[Event "Early-Titled-Tuesday-Blitz-March-12-2024"]
[Site "Chess.com"]
[Date "2024.03.12"]
[Round "5"]
[White "Alex_Banzea"]
[Black "Bkmzzzzz"]
[Result "1-0"]
[WhiteElo "2629"]
[BlackElo "2411"]
[TimeControl "180+1"]
[EndTime "8:53:16 PDT"]
[Termination "Alex_Banzea won by resignation"]

1. d4 d5 2. Nc3 e6 3. Bf4 Bd6 4. e3 Bxf4 5. exf4 Nf6 6. Nf3 O-O 7. Bd3 c5 8. dxc5 Qc7 9. Ne2 Qxc5 10. O-O Nc6 11. c3 b5 12. Ned4 Nxd4 13. Nxd4 b4 14.
Rc1 bxc3 15. Rxc3 Qb6 16. Rb3 Qa5 17. Nc6 Qc7 18. Ne5 Bb7 19. g4 Ne4 20. g5 f6 21.
Bxe4 fxe5 22. Bxh7+ Kxh7 23. Qh5+ Kg8 24. g6 Rxf4 25.
Qh7+ Kf8 26. Rxb7 Qxb7 27. Qh8+ 1-0

[Event "Early-Titled-Tuesday-Blitz-March-12-2024"]
[Site "Chess.com"]
[Date "2024.03.12"]
[Round "5"]
[White "Rosh1610"]
[Black "lasRojas"]
[Result "1-0"]
[WhiteElo "2471"]
[BlackElo "2297"]
[TimeControl "180+1"]
[EndTime "8:53:16 PDT"]
[Termination "Rosh1610 won by resignation"]

1. e4 c5 2. Nf3 Nc6 3. Bb5 e6 4. O-O Nge7 5. c3 a6 6. Ba4 b5 7. Bc2 Bb7 8. d4 cxd4 9. cxd4 Nb4 10. Bg5 Rc8 11. Bb3 Bxe4 12. Nc3 Bb7 13. Rc1 d5 14. a4 h6 15. Bh4 bxa4 16. Nxa4 Rxc1 17. Qxc1 Qc8 18.
Nc5 Nf5 19. Nxb7 1-0

[Event "Early-Titled-Tuesday-Blitz-March-12-2024"]
[Site "Chess.com"]
[Date "2024.03.12"]
[Round "5"]
[White "JoliyRoger"]
[Black "MikeWizard"]
[Result "1-0"]
[WhiteElo "2427"]
[BlackElo "2078"]
[TimeControl "180+1"]
[EndTime "8:53:16 PDT"]
[Termination "JoliyRoger won by resignation"]

1. d4 Nf6 2. c4 g6 3. Nc3 Bg7 4.
e4 d6 5. Nf3 O-O 6. h3 c5 7. d5 a6 8. a4 Re8 9. Bd3 e6 10. O-O exd5 11. cxd5 Nbd7 12. Bf4 Ne5 13. Nxe5 dxe5 14. Be3 Qc7 15. a5 Rf8 16. Qd2 Ne8 17. Na4 c4 18. Rfc1 Nd6 19. b3 f5 20. Nb6 Rb8 21. Nxc4 Nxe4 22. Bxe4 fxe4 23. Nb6 Qf7 24. d6 Rd8 25. Rc7 Bd7 26. b4 Bf8 27. Bc5 Qe6 28. Re1 Bc6 29. Rd1 Bb5 30. Qd5 Qxd5 31. Nxd5 Rd7 32. Nf6+ 1-0

[Event "Early-Titled-Tuesday-Blitz-March-12-2024"]
[Site "Chess.com"]
[Date "2024.03.12"]
[Round "5"]
[White "Viktoker"]
[Black "jumpingknight20"]
[Result "0-1"]
[WhiteElo "2501"]
[BlackElo "2684"]
[TimeControl "180+1"]
[EndTime "8:53:20 PDT"]
[Termination "jumpingknight20 won by resignation"]

1. d4 Nf6 2. c4 e6 3. Nc3 d5 4. cxd5 exd5 5. Bg5 c6 6. Qc2 Be7 7. e3 h6 8. Bh4 Nbd7 9. Bd3 O-O 10. Nge2 Re8 11. O-O Nh5 12. Bxe7 Qxe7 13. Rae1 Nhf6 14.
Ng3 Nb6 15. f3 c5 16. Qf2 Be6 17. Nce2 Rac8 18. Nf4 Bd7 19. Kh1 cxd4 20. exd4 Qd6 21.
Nfh5 g6 22. Nxf6+ Qxf6 23. Rxe8+ Rxe8 24. Rc1 h5 25. Ne2 Bf5 26. Bxf5 Qxf5 27. Nc3 Nc4 28. h3 Kg7 29. Qc2 Re1+ 30. Kh2 Qf4+ 31. g3 Qxc1 0-1